 Dungeon Crawl Stone Soup version 0.31.0-12-g77e489cdc1 (webtiles) character file.

Game seed: 1753231714216643927

55 KennySheep the Shooter (level 3, -1/29 HPs)
             Began as a Demigod Hunter on Mar 2, 2024.
             Slain by a phantom (3 damage)
             ... on level 3 of the Dungeon.
             The game lasted 00:02:49 (2034 turns).

KennySheep the Shooter (Demigod Hunter)             Turns: 2034, Time: 00:02:49

Health: -1/29      AC:  5    Str: 12    XL:     3   Next: 45%
Magic:  5/5        EV: 12    Int: 11    God:
Gold:   209        SH:  5    Dex: 21    Spells: 2/2 levels left

rFire   . . .        a - +0 shortbow
rCold   . . .        (shield currently unavailable)
rNeg    . . .        c - +0 leather armour
rPois   .            f - +2 hat
rElec   .            (no cloak)
rCorr   .            (no gloves)
SInv    +            (no boots)
Will    .....        h - amulet of reflection
Stlth   ++           k - ring of see invisible
HPRegen 0.24/turn    (no ring)
MPRegen 0.09/turn

%: reflection
@: no status effects
A: high MP 1, forlorn, divine attributes
a: no special abilities


You were on level 3 of the Dungeon.
You visited 1 branch of the dungeon, and saw 3 of its levels.

You collected 209 gold pieces.

Inventory:

Hand Weapons
 a - a +0 shortbow (weapon)
Armour
 c - a +0 leather armour (worn)
 f - a +2 hat (worn)
Jewellery
 h - an amulet of reflection (around neck)
 k - a ring of see invisible (left hand)
Scrolls
 b - a scroll of butterflies
 g - 2 scrolls of identify {unknown}
 i - 2 scrolls of teleportation {unknown}
 j - a scroll of summoning {unknown}
 l - a scroll of blinking {unknown}
Potions
 d - a potion of haste {unknown}
 e - 2 potions of lignification {unknown}
 m - a potion of curing {unknown}


   Skills:
 - Level 1.7 Fighting
 * Level 4.8 Ranged Weapons
 + Level 2.0 Dodging
 - Level 0.8 Stealth


You had 2 spell levels left.
You didn't know any spells.
Your spell library contained the following spells:

 Spells                   Type           Power      Damage    Failure   Level
 Passage of Golubria      Tloc           0%         N/A       99%         4
 Silence                  Hex/Air        0%         N/A       100%        5
 Lehudib's Crystal Spear  Conj/Erth      0%         10d2      100%        8


Dungeon Overview and Level Annotations

Branches:
Dungeon (3/15)


Innate Abilities, Weirdness & Mutations

You have an increased reservoir of magic. (+10% MP)
You shall have no god before yourself.
Your divine heritage dramatically boosts your attributes as you level up.


Message History

The phantom hits you but does no damage.
Your Dodging skill increases to level 2!
You shoot an arrow. The arrow barely misses the phantom.
You block the phantom's attack.
You shoot an arrow.
The arrow hits the phantom but does no damage.
The phantom is lightly damaged.
The phantom completely misses you.
You shoot an arrow. The arrow barely misses the phantom.
The phantom hits you.
The phantom blinks!
You blink.
You shoot an arrow. The arrow closely misses the phantom.
The phantom hits you.
You shoot an arrow. The arrow hits the phantom.
The phantom is lightly damaged.
The phantom hits you.
The phantom blinks!
You blink.
A bat comes into view.
The phantom hits you but does no damage.
You shoot an arrow. The arrow barely misses the phantom.
You block the bat's attack. The bat hits you but does no damage.
The phantom hits you.
You shoot an arrow. The arrow hits the phantom.
The phantom is moderately damaged.
You block the bat's attack. The bat closely misses you. The bat hits you.
The phantom hits you.
You shoot an arrow. The arrow barely misses the phantom.
The bat hits you but does no damage. x2; The phantom hits you.
The phantom blinks!
You blink.
You shoot an arrow. The arrow hits the phantom.
The phantom is heavily damaged.
The phantom hits you but does no damage.
The phantom hits you.
The phantom blinks!
You blink.
You shoot an arrow. The arrow closely misses the phantom.
The bat barely misses you. The phantom hits you.
* * * LOW HITPOINT WARNING * * *
You shoot an arrow. The arrow hits the phantom.
The phantom is heavily damaged.
The bat closely misses you. You block the bat's attack. The phantom hits you.
* * * LOW HITPOINT WARNING * * *
You shoot an arrow. The arrow barely misses the phantom.
The bat hits you but does no damage. The phantom hits you.
You die...

#.#...........#####
#.###########.#.... #)#
#.#.###
####.###########.#.###
#.^...........##.#.##.
###
#.............##.#.... ..
#.............##.#....
#.##.....W.......##.#.###
..#....@b.......##.#.# #
#.#.............##.#.# #
#b#.............##...###
#......#########........
#####...#### ##..#.###
######.....### ....#.###
#............##.##.####.
#............##.##.###..
#....<..........##...#..


You could see a phantom and a bat.

Vanquished Creatures
  2 dart slugs
  2 ribbon worms (D:2)
  An orc (D:3)
  6 ball pythons
  A bat (D:2)
  5 endoplasms
  3 giant cockroaches
  3 goblins
  3 hobgoblins (D:2)
  2 quokkas (D:1)
  A frilled lizard (D:1)
  5 kobolds
  11 rats
45 creatures vanquished.

Notes
Turn   | Place    | Note
-------+----------+-------------------------------------------
     0 | D:1      | KennySheep the Demigod Hunter began the quest for the Orb.
     0 | D:1      | Reached XP level 1. HP: 17/17 MP: 3/3
    50 | D:1      | You fall into a shaft and drop 1 floor!
   121 | D:1      | Found Agotsack's Weapon Shop.
   175 | D:1      | Reached skill level 4 in Ranged Weapons
   246 | D:1      | Reached XP level 2. HP: 24/24 MP: 4/4
  1396 | D:2      | Reached XP level 3. HP: 29/29 MP: 5/5
  2008 | D:3      | Noticed a phantom
  2034 | D:3      | Slain by a phantom

Illustrated notes

Levels and vault maps discovered:
D:1:      nzn_arrival_settlement, layout_loops_ring, serial_shops, shop,
          shapermc_ecumenical_altar_pompeii, serial_forest,
          infiniplex_forest_diagonal, infiniplex_forest_straight_2,
          infiniplex_forest_clump_medium, infiniplex_forest_pool,
          infiniplex_forest_lined_room_, minmay_pentomino_p2
D:2:      layout_basic
D:3:      layout_basic

Skill      XL: |  1  2  3 |
---------------+----------+-----
Ranged Weapons | 4 |  4.8
Dodging        | 2 |  2.0
Fighting       | |  1.7
Stealth        | |  0.8

Action                     || total
---------------------------++-------
   Fire: Shortbow          ||   133
 Armour: Leather armour    ||    39
  Dodge: Dodged            ||    25
  Block: Other             ||     7
